 Dungeon Crawl Stone Soup version 0.23.0-2-g0fe3ce5905 (webtiles) character file.

Game seed: 1108925209219764174

5349 OdinFK the Cleaver (level 10, -1/88 HPs)
             Began as a Hill Orc Fighter on Feb 20, 2019.
             Was a Priest of Beogh.
             Killed from afar by an orc wizard (14 damage)
             ... with a puff of frost
             ... on level 9 of the Dungeon.
             The game lasted 00:37:43 (9916 turns).

OdinFK the Cleaver (Hill Orc Fighter)               Turns: 9916, Time: 00:37:44

Health: -1/88      AC: 12    Str: 23    XL:     10   Next: 65%
Magic:  10/10      EV:  9    Int:  8    God:    Beogh [***...]
Gold:   220        SH: 11    Dex: 10    Spells: 9/9 levels left

rFire    . . .     SeeInvis .   i - +3 war axe
rCold    . . .     Gourm    .   c - +0 shield
rNeg     . . .     Faith    .   G - -2 chain mail
rPois    .         Spirit   .   M - +0 helmet
rElec    .         Reflect  .   (no cloak)
rCorr    .         Harm     +   (no gloves)
MR       .....                  N - +0 pair of boots
Stlth    ..........             r - amulet of harm
HPRegen  0.24/turn              (no ring)
MPRegen  0.12/turn              A - +2 ring of evasion

@: very slightly contaminated
A: no striking features
a: Smiting, Renounce Religion


You were on level 9 of the Dungeon.
You worshipped Beogh.
Beogh was most pleased with you.
You were not hungry.

You visited 1 branch of the dungeon, and saw 9 of its levels.
You also visited: Sewer.

You collected 573 gold pieces.
You spent 353 gold pieces at shops.

Inventory:

Hand Weapons
 i - a +3 war axe (weapon)
 C - a +2 halberd of venom
 I - a +4 flail
 X - a +4 great sword
Missiles
 k - 9 tomahawks (quivered)
 J - 2 javelins
 R - 3 javelins of returning
Armour
 b - a +0 plate armour
 c - a +0 shield (worn)
 s - a +0 chain mail
 G - a -2 chain mail (worn)
 L - a +0 large shield
 M - a +0 helmet (worn)
 N - a +0 pair of boots (worn)
 O - a +2 robe of cold resistance
 P - the cursed +1 robe of Orthodoxy {MR+ Slay+2, unknown}
   (You found it on level 7 of the Dungeon)

   It affects your accuracy and damage with ranged weapons and melee attacks
   (+2).
   It affects your resistance to hostile enchantments.
   It has a curse placed upon it.
 S - a +0 hat
Jewellery
 r - an amulet of harm (around neck)
 A - a +2 ring of evasion (right hand)
Wands
 u - a wand of flame (15)
Scrolls
 h - a scroll of fog {unknown}
 l - 2 scrolls of amnesia {unknown}
 o - 9 scrolls of teleportation
 q - 2 scrolls of identify
 y - 3 scrolls of enchant weapon {unknown}
 z - a scroll of enchant armour {unknown}
 D - 5 scrolls of remove curse
 E - 4 scrolls of immolation {unknown}
 Q - a scroll of holy word {unknown}
 T - a scroll of fear {unknown}
 U - a scroll of random uselessness {unknown}
 W - 2 scrolls of acquirement {unknown}
Potions
 d - a potion of might
 e - 5 potions of curing
 j - 3 potions of lignification {unknown}
 m - 4 potions of flight
 n - 2 potions of mutation
 p - 2 potions of agility
 t - 2 potions of heal wounds {unknown}
 v - 6 potions of degeneration {unknown}
 w - a potion of invisibility
 B - 2 potions of magic {unknown}
 H - 2 potions of ambrosia
 K - a potion of brilliance
 Z - a potion of haste {unknown}
Comestibles
 a - 3 chunks of flesh
 f - 21 rations


   Skills:
 + Level 8.0 Fighting
 + Level 12.6 Axes
 + Level 2.1 Throwing
 + Level 9.1 Armour
 + Level 8.0 Shields


You had 9 spell levels left.
You didn't know any spells.
Your spell library contained the following spells:

 Spells                   Type           Power        Failure   Level  Hunger
 Animate Skeleton         Necr           N/A          99%         1    ##.....
 Pain                     Necr           #...         99%         1    ##.....
 Summon Small Mammal      Summ           #...         99%         1    ##.....
 Call Imp                 Summ           #.......     100%        2    ###....
 Call Canine Familiar     Summ           #.......     100%        3    ####...
 Regeneration             Chrm/Necr      #.........   100%        3    ####...
 Summon Guardian Golem    Hex/Summ       #.......     100%        3    ####...
 Vampiric Draining        Necr           #.........   100%        3    ####...
 Animate Dead             Necr           N/A          100%        4    #####..
 Summon Ice Beast         Ice/Summ       #.......     100%        4    #####..
 Summon Lightning Spire   Summ/Air       #.......     100%        4    #####..


Dungeon Overview and Level Annotations

Branches:
Dungeon (9/15)             Temple (0/1) D:7            Lair (0/6) D:9
    Orc (0/2) D:9

Altars:
Ashenzari
Cheibriados
Dithmenos
Elyvilon
Hepliaklqana
Makhleb
Qazlal
Ru
Sif Muna
Trog
Vehumet
Xom

Shops:
D:5 :[*   D:6 *[[(   D:8 }

Annotations:
D:8 Gastronok, Joseph


Message History

Press: ? - help, Dir - move target cursor You are very lightly contaminated with residual magic.
As you read the scroll of blinking, it crumbles to dust.
A puff of flame appears from out of thin air!
You block the puff of flame.
A puff of frost appears from out of thin air!
The puff of frost hits you.
* * * LOW HITPOINT WARNING * * *
A puff of frost appears from out of thin air!
The puff of frost hits you.
* * * LOW HITPOINT WARNING * * *
You feel better.
An orc wizard appears from thin air!
Reactivating autopickup.
The orc wizard miscasts a cantrip.
You hit the orc wizard.
The orc wizard is almost dead.
The orc wizard hits you but does no damage.
The orc wizard gestures at you while chanting.
The puff of frost hits you!
You die...

#.#####...#..##...#.#.#..#
#. ##.{#.####.#...#.#.#
###.#.#####..#####.#
#..##.##......##.#.##
##.#.....#.......##...
#..##.#.#..##.##..#...
##.#.##..#...##..##...
##.o#.#...#####.##...
#....##...@.....>...##.#...
#....#.##.###.##..#..###...
#....## #.#...###...####...
#... ####..##........##...
#..# ##.#.#....#..#...##...
#..# #...)##..#.##.....####
#..###.#.#.#.###..###.####.
#....##.........##.. .# #..
#....#....##..### ##.# #..


You could see an orc wizard.

Vanquished Creatures
  Harold (D:8)
  A wraith (D:9)
  3 basilisks (D:9)
  A hungry ghost (D:9)
  3 porcupines
  Duvessa (D:5)
  An orc warrior (D:5)
  2 necrophages
  2 ice beasts
  2 black bears
  2 phantoms
  2 wolves (D:9)
  A centaur (D:9)
  A crocodile (D:9)
  A big kobold (D:9)
  Blork the orc (D:5)
  3 bullfrogs (D:6)
  Dowan (D:5)
  A scorpion (D:5)
  A troll zombie (D:9)
  4 killer bees (D:8)
  An electric eel (D:6)
  4 howler monkeys
  4 wights (D:8)
  5 crimson imps
  4 hounds
  A quasit (D:5)
  4 gnoll shamans
  3 orc priests
  5 orc wizards
  A bullfrog skeleton (D:6)
  Jessica (D:3)
  Ijyb (D:3)
  2 iguanas
  5 worker ants
  4 ogre zombies (D:9)
  A hound zombie (D:6)
  A worker ant zombie (D:6)
  Robin (D:4)
  5 adders
  24 gnolls
  A howler monkey skeleton (D:6)
  2 shadow imps
  2 oozes
  4 adder skeletons
  3 worms
  A dart slug (D:2)
  3 leopard geckos
  16 orcs
  14 bats
  9 giant cockroaches
  10 hobgoblins
  4 jackals (Sewer)
  3 quokkas
  6 ball pythons
  5 frilled lizards
  14 goblins
  A goblin skeleton (D:9)
  2 goblin zombies (D:9)
  3 hobgoblin skeletons (D:9)
  A hobgoblin zombie (D:9)
  8 kobolds
  3 orc skeletons (D:9)
  9 orc zombies (D:9)
  16 rats
252 creatures vanquished.

Vanquished Creatures (others)
  An orc priest (D:5)
  An orc wizard (D:5)
  7 orcs
9 creatures vanquished.

Grand Total: 261 creatures vanquished

Notes
Turn   | Place    | Note
-------+----------+-------------------------------------------
     0 | D:1      | OdinFK the Hill Orc Fighter began the quest for the Orb.
     0 | D:1      | Reached XP level 1. HP: 19/19 MP: 1/1
   163 | D:1      | Reached XP level 2. HP: 27/27 MP: 2/2
   245 | D:1      | Reached skill level 3 in Axes
   621 | D:1      | Reached XP level 3. HP: 33/33 MP: 3/3
  1172 | D:3      | Noticed Jessica
  1183 | D:3      | Killed Jessica
  1183 | D:3      | Reached skill level 4 in Axes
  1183 | D:3      | Reached XP level 4. HP: 40/40 MP: 4/4
  1376 | D:3      | Found a glowing drain.
  1388 | Sewer    | Entered a sewer
  1725 | D:3      | Noticed Ijyb
  1736 | D:3      | Killed Ijyb
  1736 | D:3      | Reached XP level 5. HP: 45/47 MP: 5/5
  1788 | D:3      | Reached skill level 5 in Axes
  2092 | D:3      | Found a burning altar of Makhleb.
  2092 | D:3      | Found a radiant altar of Vehumet.
  2383 | D:4      | Identified the +3 helmet "Igiofaw" {*Corrode Str+7 Dex+4}
  2383 | D:4      | Noticed Robin
  2395 | D:4      | Killed Robin
  2437 | D:4      | Reached XP level 6. HP: 47/53 MP: 6/6
  2508 | D:4      | HP: 2/53 [poisoned by a gnoll]
  2646 | D:4      | Reached skill level 6 in Axes
  3136 | D:5      | Entered Level 5 of the Dungeon
  3150 | D:5      | Reached XP level 7. HP: 59/60 MP: 7/7
  3175 | D:5      | Reached skill level 7 in Axes
  3178 | D:5      | Reached skill level 5 in Fighting
  3289 | D:5      | Found Yvvoepla's Assorted Antiques.
  3293 | D:5      | Noticed Blork the orc
  3302 | D:5      | Killed Blork the orc
  3309 | D:5      | Became a worshipper of Beogh the Brigand
  3323 | D:5      | Bought a scroll labeled TOT MYIFREFOPH for 31 gold pieces
  3323 | D:5      | Bought a yellow potion for 27 gold pieces
  3323 | D:5      | Bought a murky blue potion for 27 gold pieces
  3323 | D:5      | Bought 3 scrolls labeled FEBUMINKAA for 93 gold pieces
  3473 | D:5      | Found Igayhud's Armour Shop.
  3504 | D:5      | Noticed Duvessa
  3534 | D:5      | Killed Duvessa
  3534 | D:5      | Reached skill level 5 in Armour
  3534 | D:5      | Reached skill level 5 in Shields
  3539 | D:5      | Found Siyros's Book Emporium.
  3691 | D:5      | Found a white marble altar of Elyvilon.
  3691 | D:5      | Found a snail-covered altar of Cheibriados.
  3745 | D:5      | Noticed Dowan
  3752 | D:5      | Killed Dowan
  3770 | D:5      | Found a shadowy altar of Dithmenos.
  3825 | D:5      | Reached skill level 8 in Axes
  3881 | D:5      | Reached XP level 8. HP: 49/68 MP: 8/8
  4181 | D:5      | Found a hazy altar of Hepliaklqana.
  4182 | D:5      | Found a shimmering altar of Xom.
  4182 | D:5      | Found a sacrificial altar of Ru.
  4182 | D:5      | Found a stormy altar of Qazlal.
  4183 | D:5      | Found a shattered altar of Ashenzari.
  4184 | D:5      | Found a bloodstained altar of Trog.
  4201 | D:6      | Found Muegg's Weapon Boutique.
  4296 | D:6      | Reached skill level 1 in Throwing
  4450 | D:5      | Reached skill level 9 in Axes
  4606 | D:6      | Reached * piety under Beogh
  4692 | D:6      | Found Ymoisyme's Armour Shop.
  4713 | D:6      | Found Utetzuc's Armour Emporium.
  4863 | D:6      | Bought a +0 helmet for 63 gold pieces
  4863 | D:6      | Bought a +0 pair of boots for 63 gold pieces
  5251 | D:6      | Found Qesezex's Assorted Antiques.
  5619 | D:5      | Reached skill level 10 in Axes
  5619 | D:5      | Reached XP level 9. HP: 60/77 MP: 9/9
  5907 | D:7      | Found a staircase to the Ecumenical Temple.
  5918 | D:7      | Found a deep blue altar of Sif Muna.
  6013 | D:7      | Got a colourful robe
  6407 | D:8      | Noticed Joseph
  6538 | D:8      | Noticed Gastronok
  6659 | D:8      | Noticed Harold
  6764 | D:8      | Reached ** piety under Beogh
  6977 | D:8      | Found Vennetou's Gadget Shoppe.
  7019 | D:8      | Reached skill level 11 in Axes
  7842 | D:8      | Killed Harold
  8024 | D:6      | Bought an emerald potion for 23 gold pieces
  8024 | D:6      | Bought a scroll labeled KISIAZXEGHE for 26 gold pieces
  8153 | D:8      | Reached XP level 10. HP: 32/86 MP: 10/10
  8971 | D:9      | Reached skill level 12 in Axes
  9247 | D:9      | Found a staircase to the Lair.
  9386 | D:9      | Reached *** piety under Beogh
  9624 | D:9      | Found a staircase to the Orcish Mines.
  9916 | D:9      | Killed from afar by an orc wizard

Skill      XL: |  1  2  3  4  5  6  7  8  9 10 |
---------------+-------------------------------+-----
Axes           | 3 4 5 6 8 10 11 12 | 12.6
Fighting       | 4 5 6 7 8 |  8.0
Shields        | 4 5 6 7 8 |  8.0
Armour         | 4 5 6 7 9 |  9.1
Throwing       | 1 2 |  2.1

Action                   |  1- 3 |  4- 6 |  7- 9 | 10-12 || total
-------------------------+-------+-------+-------+-------++-------
Melee: War axe           |   101 |   227 |   422 |   190 ||   940
Throw: Tomahawk          |       |     2 |    20 |    19 ||    41
Invok: Convert to Beogh  |       |       |     1 |       ||     1
  Use: Scroll            |       |     1 |     6 |     1 ||     8
       Potion            |       |     2 |       |     1 ||     3
  Eat: Chunk             |     1 |     7 |    13 |     2 ||    23
       Ration            |       |       |     1 |     2 ||     3
Armor: Scale mail        |    45 |       |       |       ||    45
       Chain mail        |     6 |   127 |   201 |    89 ||   423
Dodge: Dodged            |    42 |    54 |   143 |    49 ||   288
Block: Shield            |    59 |   125 |   223 |    82 ||   489
